 Dungeon Crawl Stone Soup version 0.18.1-2-ga659475 (webtiles) character file.

8207 Gingerlord the Fighter (level 11, 0/69 HPs)
             Began as a Gargoyle Fighter on May 8, 2016.
             Was a High Priest of Okawaru.
             Slain by a basilisk (6 damage)
             ... on level 9 of the Dungeon.
             The game lasted 00:17:28 (9338 turns).

Gingerlord the Fighter (Gargoyle Fighter)           Turns: 9338, Time: 00:17:29

Health: 0/69       AC: 23    Str: 20    XL:     11   Next: 27%
Magic:  16/16      EV:  9    Int:  9    God:    Okawaru [*****.]
Gold:   197        SH: 11    Dex: 12    Spells: 0 memorised, 10 levels left

rFire  . . .     SeeInvis +     a - +0 war axe
rCold  . . .     Gourm    .     I - +0 plate armour
rNeg   + . .     Faith    .     c - +0 shield
rPois  ∞         Spirit   .     (no helmet)
rElec  +         Dismiss  .     (no cloak)
rCorr  .         Reflect  .     G - +0 pair of gloves
SustAt .         Harm     .     j - +0 pair of boots
MR     .....                    e - amulet of rage
Stlth  ..........               H - ring of see invisible
                                u - +2 ring of evasion

@: not resistant to hostile enchantments, extremely unstealthy
A: negative energy resistance 1, electricity resistance, unbreathing,
petrification resistance, rot immunity, AC +7
a: Heroism, Finesse, Renounce Religion, Evoke Berserk Rage


You were on level 9 of the Dungeon.
You worshipped Okawaru.
Okawaru was extremely pleased with you.
You were hungry.

You visited 1 branch of the dungeon, and saw 9 of its levels.

You collected 397 gold pieces.
You spent 200 gold pieces at shops.

Inventory:

Hand Weapons
 a - a +0 war axe (weapon)
 r - a +0 battleaxe
Armour
 c - a +0 shield (worn)
 j - a +0 pair of boots (worn)
 G - a +0 pair of gloves (worn)
 I - a +0 plate armour (worn)
Jewellery
 e - an amulet of rage (around neck)
 u - a +2 ring of evasion (left hand)
 H - a ring of see invisible (right hand)
Scrolls
 b - 2 scrolls of fog {unknown}
 g - 4 scrolls of remove curse
 i - 2 scrolls of amnesia {unknown}
 k - a scroll of identify
 l - a scroll of enchant armour {unknown}
 p - a scroll of noise {unknown}
 s - 2 scrolls of blinking
 v - 3 scrolls of enchant weapon
 w - a scroll of random uselessness {unknown}
 x - a scroll of fear {unknown}
 y - 2 scrolls of teleportation
 A - 2 scrolls of magic mapping {unknown}
 C - a scroll of immolation {unknown}
 E - 3 scrolls of recharging {unknown}
Potions
 m - 4 potions of brilliance
 n - 4 potions of flight
 o - a potion of invisibility
 z - 2 potions of cure mutation
 B - a potion of haste
 D - a potion of resistance {unknown}
 F - a potion of lignification {unknown}
 J - a potion of berserk rage {unknown}
Comestibles
 f - 7 bread rations
 h - 3 slices of pizza
 q - a beef jerky
 t - 4 meat rations


   Skills:
 + Level 8.7 Fighting
 + Level 6.6 Axes
 + Level 8.4 Armour
 + Level 5.9 Dodging
 + Level 8.4 Shields
 + Level 7.0 Invocations


You had 10 spell levels left.
You didn't know any spells.

Dungeon Overview and Level Annotations

Branches:
Dungeon (9/15)             Temple (0/1) D:5
   Lair: D:8-11         Orc: D:9-12

Altars:
Cheibriados
Elyvilon
Fedhas
Gozag
Makhleb
Okawaru
Ru
Sif Muna
Trog
The Shining One

Shops:
D:9 ?


Innate Abilities, Weirdness & Mutations

You are resistant to torment.
Your stone body is resilient (AC +7).
You are immune to poison.
You resist negative energy.
You are resistant to electric shocks.
You can survive without breathing.
You are immune to petrification.
You are immune to rotting.


Message History

You slash the basilisk!
The basilisk is moderately wounded.
You hit the yak but do no damage.
The yak is almost dead.
The yak gores you but does no damage. The basilisk gazes at you.
You resist with some effort. The yak gores you but does no damage.
You closely miss the basilisk.
The basilisk is moderately wounded.
Your plate armour prevents you from hitting the yak.
The yak is almost dead.
The basilisk bites you!
* * * LOW HITPOINT WARNING * * *
You block the yak's attack.
You closely miss the basilisk.
The basilisk is moderately wounded.
You hit the yak.
The yak is almost dead.
The basilisk bites you.
You die...

........>.......#
................#
................#
................#
......!.........#
................#
................#
..............lY#
..............†@#
.............)##
............##
..........##
........##
......# ....# ..#
.#


You could see a yak and a basilisk.

Vanquished Creatures
  Erolcha (D:9)
  Psyche (D:8)
  14 yaks
  A human (D:7)
  2 basilisks (D:9)
  2 hogs (D:7)
  2 hungry ghosts (D:8)
  2 water moccasins
  4 porcupines (D:9)
  3 orc warriors
  An ice beast (D:6)
  2 black bears
  The ghost of Crastinus the Chopper, an amateur HOFi (D:3)
  A sky beast (D:6)
  2 phantoms
  3 centaurs
  4 big kobolds
  A gnoll sergeant (D:4)
  6 giant frogs
  4 killer bees (D:8)
  6 wights
  A howler monkey (D:6)
  2 crimson imps
  A giant frog zombie (D:5)
  A giant frog skeleton (D:8)
  2 hounds
  2 jellies
  A centaur skeleton (D:4)
  2 orc priests
  7 orc wizards
  A gnoll shaman (D:6)
  An iron imp (D:8)
  5 iguanas
  2 worker ants (D:4)
  A hound skeleton (D:6)
  A howler monkey zombie (D:6)
  14 gnolls
  17 adders
  4 river rats (D:9)
  A shadow imp (D:5)
  An adder zombie (D:5)
  2 worms
  4 giant geckos
  32 orcs
  3 ball pythons
  6 giant cockroaches
  9 goblins
  10 hobgoblins
  4 jackals (D:2)
  4 quokkas
  6 bats
  A giant gecko zombie (D:5)
  3 giant newts
  2 goblin skeletons (D:8)
  A goblin zombie (D:8)
  25 kobolds
  2 kobold skeletons (D:8)
  A kobold zombie (D:8)
  An orc zombie (D:8)
  7 rats
253 creatures vanquished.

Vanquished Creatures (others)
  An orc wizard (D:8)
1 creature vanquished.

Grand Total: 254 creatures vanquished

Notes
Turn   | Place    | Note
--------------------------------------------------------------
     0 | D:1      | Gingerlord the Gargoyle Fighter began the quest for the Orb.
     0 | D:1      | Reached XP level 1. HP: 14/14 MP: 1/1
   357 | D:1      | Reached XP level 2. HP: 12/19 MP: 2/2
   879 | D:1      | Reached XP level 3. HP: 22/23 MP: 3/3
  1284 | D:2      | Reached XP level 4. HP: 29/29 MP: 4/4
  1294 | D:2      | Found an iron altar of Okawaru.
  1316 | D:2      | Became a worshipper of Warmaster Okawaru
  1357 | D:2      | Found a bloodstained altar of Trog.
  1358 | D:2      | Found a deep blue altar of Sif Muna.
  1358 | D:2      | Found an opulent altar of Gozag.
  1361 | D:2      | Found a snail-covered altar of Cheibriados.
  1364 | D:2      | Found a burning altar of Makhleb.
  1489 | D:2      | Reached skill level 1 in Dodging
  1961 | D:3      | Reached XP level 5. HP: 33/33 MP: 5/5
  2806 | D:3      | Reached XP level 6. HP: 25/39 MP: 6/6
  3022 | D:3      | Reached * piety under Okawaru
  3043 | D:3      | Noticed Crastinus's ghost (amateur HOFi)
  3066 | D:3      | Killed Crastinus's ghost
  3307 | D:3      | Reached skill level 5 in Fighting
  3307 | D:3      | Reached skill level 5 in Shields
  3307 | D:3      | Reached XP level 7. HP: 8/44 MP: 7/7
  3874 | D:4      | Found a white marble altar of Elyvilon.
  3968 | D:4      | HP: 1/44 [gnoll sergeant/spear of venom (7)]
  3971 | D:4      | Reached skill level 5 in Armour
  3971 | D:4      | Reached skill level 1 in Invocations
  4436 | D:4      | Reached ** piety under Okawaru
  4672 | D:5      | Entered Level 5 of the Dungeon
  4710 | D:5      | Reached XP level 8. HP: 32/50 MP: 9/9
  4951 | D:5      | Found a staircase to the Ecumenical Temple.
  5639 | D:6      | Reached *** piety under Okawaru
  6025 | D:6      | Reached XP level 9. HP: 56/56 MP: 11/11
  6490 | D:7      | Received a gift from Okawaru
  6877 | D:7      | Found a blossoming altar of Fedhas.
  7057 | D:7      | Reached **** piety under Okawaru
  7062 | D:7      | Reached skill level 5 in Axes
  7068 | D:7      | Reached skill level 5 in Invocations
  7349 | D:7      | Reached XP level 10. HP: 63/63 MP: 13/13
  7796 | D:8      | Reached skill level 5 in Dodging
  7842 | D:8      | Found a sacrificial altar of Ru.
  8019 | D:8      | Noticed Psyche
  8304 | D:8      | Reached ***** piety under Okawaru
  8743 | D:8      | Killed Psyche
  8869 | D:8      | Found a glowing golden altar of the Shining One.
  9072 | D:9      | Found Voxtysk's Magic Scroll Shop.
  9080 | D:9      | Bought a scroll of teleportation for 48 gold pieces
  9080 | D:9      | Bought a scroll of identify for 32 gold pieces
  9080 | D:9      | Bought a scroll of blinking for 120 gold pieces
  9087 | D:9      | Noticed Erolcha
  9090 | D:9      | Paralysed by Erolcha for 2 turns
  9120 | D:9      | Killed Erolcha
  9120 | D:9      | Reached XP level 11. HP: 39/69 MP: 15/15
  9338 | D:9      | Slain by a basilisk

Skill      XL: |  1  2  3  4  5  6  7  8  9 10 11 |
---------------+----------------------------------+-----
Axes           | 2 3 4 5 6 |  6.6
Dodging        | 1 2 3 4 5 |  5.9
Fighting       | 4 5 6 7 8 |  8.7
Shields        | 4 5 6 8 |  8.4
Armour         | 4 5 6 8 |  8.4
Invocations    | 1 3 5 6 7 |  7.0

Action                   |  1- 3 |  4- 6 |  7- 9 | 10-12 || total
-------------------------+-------+-------+-------+-------++-------
Melee: War axe           |   143 |   227 |   480 |   456 ||  1306
       Battleaxe         |       |       |       |    11 ||    11
Invok: Heroism           |       |       |     3 |     4 ||     7
  Use: Potion            |       |     2 |     1 |     3 ||     6
       Scroll            |       |       |     7 |     4 ||    11
  Eat: Chunk             |     1 |     7 |    12 |     8 ||    28
       Beef jerky        |       |       |     2 |     3 ||     5
       Pizza             |       |       |       |     4 ||     4
       Bread ration      |       |       |       |     1 ||     1
Armor: Chain mail        |   104 |   144 |   307 |    10 ||   565
       Plate armour      |       |       |       |   247 ||   247
Dodge: Dodged            |    43 |    49 |   216 |   170 ||   478
Block: Shield            |    97 |   110 |   333 |   277 ||   817
